 Dungeon Crawl Stone Soup version 0.28.0-47-ge53b351184 (webtiles) character file.

Game seed: 204702120713785809

17413 Mithrael the Warrior (level 12, -4/214 HPs)
             Began as an Ogre Fighter on Apr 27, 2022.
             Was an Elder of Okawaru.
             Slain by a freezing wraith (10 damage)
             ... in an ice cave.
             The game lasted 01:02:34 (19938 turns).

Mithrael the Warrior (Ogre Fighter)                Turns: 19938, Time: 01:02:35

Health: -4/214     AC: 26    Str: 29    XL:     12   Next: 47%
Magic:  13/13      EV:  1    Int:  9    God:    Okawaru [****..]
Gold:   516        SH: 12    Dex: 10    Spells: 11/11 levels left

rFire   . . .      SeeInvis .   A - +6 war axe "Yshrumill" {flame, rC+ Will+ Str+4}
rCold   + . .      Faith    .   G - +2 kite shield
rNeg    . . .      Spirit   .   (armour currently unavailable)
rPois   +          Reflect  .   (helmet currently unavailable)
rElec   .          Harm     .   (cloak currently unavailable)
rCorr   .          Rampage  .   (gloves unavailable)
Will    ++...      NoTele   +   (boots unavailable)
Stlth   +.........              (no amulet)
HPRegen 0.45/turn               m - ring of poison resistance
MPRegen 0.13/turn               (no ring)

@: tree-form, slowed, very slow
A: stationary, stasis, torment immunity, boosted hp, large, unfitting armour,
(tough skin 1)
a: Renounce Religion, Heroism, Finesse


You were in an ice cave.
You worshipped Okawaru.
Okawaru was greatly pleased with you.
You were a tree.
You visited 3 branches of the dungeon, and saw 13 of its levels.
You also visited: Ice Cave.

You collected 638 gold pieces.
You spent 122 gold pieces at shops.

Inventory:

Hand Weapons
 b - a +5 battleaxe
 r - the +7 rapier "Uhyesch" {antimagic, Str+4 Int-5 Dex+5}
   (You took it off a goblin on level 4 of the Dungeon)

   It reduces the magical energy of the wielder, and disrupts the spells and
   magical abilities of those it strikes.
   Natural abilities and divine invocations are not affected.
   Str:       It affects your strength (+4).
   Int:       It affects your intelligence (-5).
   Dex:       It affects your dexterity (+5).
 A - the +6 war axe "Yshrumill" (weapon) {flame, rC+ Will+ Str+4}
   (You found it on level 7 of the Dungeon)

   It burns those it strikes, dealing additional fire damage.
   Big, fiery blades are also staple armaments of hydra-hunters.
   Str:       It affects your strength (+4).
   rC:        It protects you from cold.
   Will:      It increases your willpower.
 I - a +0 mace
Armour
 u - a +0 cloak (melded)
 C - +0 steam dragon scales (melded)
 G - a +2 kite shield (worn)
Jewellery
 f - an amulet of reflection
 m - a ring of poison resistance (left branch)
 H - an amulet of regeneration
Wands
 c - a wand of mindburst (6)
 y - a wand of polymorph (20)
 B - a wand of iceblast (18)
 F - a wand of paralysis (13)
Scrolls
 a - a scroll of silence {unknown}
 e - a scroll of fear
 h - 2 scrolls of fog
 i - a scroll of summoning {unknown}
 j - 2 scrolls of amnesia {unknown}
 k - 3 scrolls of enchant weapon
 n - a scroll of immolation {unknown}
 p - a scroll of noise {unknown}
 q - a scroll of brand weapon {unknown}
 v - a scroll of magic mapping {unknown}
 w - a scroll of vulnerability {unknown}
Potions
 g - a potion of berserk rage {unknown}
 o - 5 potions of attraction {unknown}
 s - a potion of ambrosia {unknown}
 t - a potion of flight {unknown}
 x - 2 potions of haste {unknown}
 z - a potion of magic
 D - 2 potions of invisibility {unknown}
 E - a potion of brilliance {unknown}


   Skills:
 - Level 15.5 Fighting
 - Level 7.5 Short Blades
 + Level 5.2 Axes
 - Level 8.7 Dodging
 - Level 9.3 Shields
 - Level 2.6 Invocations


You had 11 spell levels left.
You didn't know any spells.
Your spell library contained the following spells:

 Spells                   Type           Power      Damage    Failure   Level
 Shock                    Conj/Air       0%         1d3       61%         1
 Scorch                   Fire           0%         2d5       75%         2
 Ignite Poison            Fire/Tmut/Pois 0%         N/A       93%         3
 Mephitic Cloud           Conj/Pois/Air  0%         N/A       93%         3
 Swiftness                Air            0%         N/A       93%         3
 Airstrike                Air            0%         N/A       100%        4
 Petrify                  Tmut/Erth      0%         N/A       100%        4
 Fireball                 Conj/Fire      0%         3d3       100%        5
 Freezing Cloud           Conj/Ice/Air   0%         6-21      100%        5
 Ignition                 Fire           0%         3d3       100%        8
 Call Canine Familiar     Summ           Unusable   N/A       N/A         3
 Summon Lightning Spire   Summ/Air       Unusable   N/A       N/A         4
 Summon Forest            Summ/Tloc      Unusable   N/A       N/A         5
 Summon Mana Viper        Hex/Summ       Unusable   N/A       N/A         5
 Summon Cactus Giant      Summ           Unusable   N/A       N/A         6

Dungeon Overview and Level Annotations

Branches:
Dungeon (11/15)            Temple (1/1) D:6            Lair (1/6) D:8
    Orc (0/2) D:11          IceCv (1/1)

Altars:
Ashenzari
Cheibriados
Dithmenos
Elyvilon
Fedhas
Gozag
Hepliaklqana
Kikubaaqudgha
Makhleb
Nemelex Xobeh
Okawaru
Qazlal
Ru
Sif Muna
Trog
Uskayaw
Vehumet
Wu Jian
Xom
Yredelemnul
Zin
The Shining One

Shops:
D:2 *

Annotations:
D:8 Harold
D:11 3 runed translucent doors


Innate Abilities, Weirdness & Mutations

You are a tree.
Your roots penetrate the ground, keeping you stationary.
You cannot be teleported.
You are immune to unholy pain and torment.
Your maximum health is greatly increased.
Your equipment is partially melded.
You are too large for most types of armour.
((You have tough skin. (AC +1)))


Message History

You block the freezing wraith's attack. The freezing wraith hits you.
* * * LOW HITPOINT WARNING * * *
The freezing wraith freezes you! You resist.
* * * LOW HITPOINT WARNING * * *
You block the freezing wraith's attack.
You hit the freezing wraith. You burn the freezing wraith.
The freezing wraith is severely damaged.
The freezing wraith hits you!
* * * LOW HITPOINT WARNING * * *
The freezing wraith freezes you! You resist.
* * * LOW HITPOINT WARNING * * *
The freezing wraith hits you but does no damage.
You block the freezing wraith's attack.
The freezing wraith hits you but does no damage.
You feel better. You block the freezing wraith's attack.
The freezing wraith barely misses you.
Really quaff the potion of lignification?
You turn into a tree.
Your +0 cloak melds into your body.
Your +0 steam dragon scales melds into your body.
Your roots penetrate the ground.
The freezing wraith hits you but does no damage.
You block the freezing wraith's attack.
The freezing wraith hits you but does no damage. x2
You hit the freezing wraith but do no damage.
The freezing wraith is severely damaged.
You block the freezing wraith's attack. x2
The freezing wraith hits you but does no damage.
You block the freezing wraith's attack.
You slash the freezing wraith! You burn the freezing wraith.
The freezing wraith is almost destroyed.
You block the freezing wraith's attack. The freezing wraith hits you!
* * * LOW HITPOINT WARNING * * *
The freezing wraith drains your vigour!
You feel as though you will be slow longer.
The freezing wraith hits you.
* * * LOW HITPOINT WARNING * * *
The freezing wraith freezes you. You resist.
* * * LOW HITPOINT WARNING * * *
The freezing wraith hits you!
You die...

#..######
##..## ..#
#...## ..#
##...##
..#
##...##
#.#
##...##..#
##..#..#
#..W..#
##.♣.##
#####


You could see a freezing wraith.

Vanquished Creatures
  An ogre mage (D:11)
  A centaur warrior (D:11)
  3 two-headed ogres
  Nergalle (Lair:1)
  Pikel (D:8)
  An ugly thing (D:10)
  A cyclops (D:11)
  A gargoyle (D:11)
  Maggie (D:7)
  Psyche (D:8)
  A freezing wraith (IceCv)
  2 trolls
  3 ice devils
  A shadow (D:9)
  A vampire (D:11)
  2 wraiths (D:11)
  15 yaks
  A dire elephant simulacrum (IceCv)
  A death yak simulacrum (IceCv)
  3 acid dragons
  3 water moccasins
  An ice beast (D:4)
  4 orc warriors
  2 sky beasts
  3 wolves
  3 ogres
  12 centaurs
  2 phantoms
  A lemure (D:8)
  A kobold brigand (D:8)
  2 bullfrogs
  2 gnoll sergeants
  2 wyvern zombies
  2 scorpions
  A cane toad simulacrum (IceCv)
  2 wyvern skeletons
  3 elephant simulacra (IceCv)
  7 killer bees
  8 wights
  5 howler monkeys
  7 centaur zombies
  A quasit (D:7)
  2 centaur skeletons
  A jelly (D:4)
  7 orc priests
  Crazy Yiuf (D:4)
  A bullfrog skeleton (D:5)
  A gnoll shaman (D:8)
  4 hounds
  An iguana (D:3)
  6 orc wizards
  2 polar bear simulacra (IceCv)
  2 killer bee zombies (D:7)
  2 wolf simulacra (IceCv)
  Robin (D:3)
  2 naga simulacra (IceCv)
  6 adders
  13 gnolls
  A shadow imp (D:6)
  5 white imps
  An ufetubus (D:6)
  A worm (D:3)
  4 dart slugs
  25 orcs
  5 ball pythons
  9 endoplasms
  3 giant cockroaches
  10 goblins
  14 hobgoblins
  14 jackals
  3 quokkas
  4 bats
  7 frilled lizards
  A goblin skeleton (D:7)
  2 hobgoblin zombies (D:7)
  11 kobolds
  A kobold skeleton (D:7)
  2 kobold zombies (D:7)
  2 orc skeletons (D:7)
  An orc zombie (D:7)
  5 rats
299 creatures vanquished.

Vanquished Creatures (others)
  A hobgoblin zombie (D:7)
1 creature vanquished.

Grand Total: 300 creatures vanquished

Notes
Turn   | Place    | Note
-------+----------+-------------------------------------------
     0 | D:1      | Mithrael the Ogre Fighter began the quest for the Orb.
     0 | D:1      | Reached XP level 1. HP: 24/24 MP: 1/1
    80 | D:1      | Reached XP level 2. HP: 11/33 MP: 2/2
   653 | D:1      | Reached XP level 3. HP: 41/41 MP: 3/3
   949 | D:1      | Reached skill level 5 in Fighting
  1408 | D:2      | Found a faded altar of an unknown god.
  1578 | D:2      | Reached XP level 4. HP: 34/50 MP: 4/4
  1713 | D:2      | Found Gigupnem's Assorted Antiques.
  1716 | D:2      | Bought a fuming golden potion for 22 gold pieces
  1717 | D:2      | Bought a scroll labelled FOIVIA JUUVATO for 25 gold pieces
  2466 | D:3      | Found a stormy altar of Qazlal.
  4108 | D:4      | Noticed Robin
  4113 | D:3      | Reached XP level 5. HP: 58/59 MP: 5/5
  4177 | D:4      | Reached skill level 6 in Fighting
  4302 | D:4      | Found a shadowy altar of Dithmenos.
  4489 | D:4      | Identified the +7 rapier "Uhyesch" {antimagic, Str+4 Int-5
                  | Dex+5}
  4812 | D:3      | Killed Robin
  5022 | D:4      | Found a radiant altar of Vehumet.
  5124 | D:4      | Got Timi's Tome of the Rocks and Illusion
  5133 | D:4      | Found a runed translucent door.
  5134 | D:4      | Noticed Crazy Yiuf
  5203 | D:4      | Reached skill level 1 in Short Blades
  5203 | D:4      | Reached XP level 6. HP: 68/68 MP: 2/6
  5452 | D:4      | Found a blossoming altar of Fedhas.
  5832 | D:4      | Killed Crazy Yiuf
  5833 | D:4      | Reached XP level 7. HP: 33/76 MP: 0/7
  6214 | D:5      | Entered Level 5 of the Dungeon
  6764 | D:5      | Reached skill level 7 in Fighting
  7263 | D:5      | Reached XP level 8. HP: 63/87 MP: 2/8
  7423 | D:5      | Reached skill level 5 in Short Blades
  8161 | D:6      | Reached skill level 8 in Fighting
  8341 | D:6      | Found a staircase to the Ecumenical Temple.
  8375 | Temple   | Entered the Ecumenical Temple
  8782 | D:6      | Reached skill level 5 in Shields
  8796 | D:6      | Reached skill level 9 in Fighting
  9252 | D:6      | Reached XP level 9. HP: 91/100 MP: 3/9
  9808 | D:2      | Bought a potion of lignification for 75 gold pieces
 10003 | D:7      | Identified the +6 war axe "Yshrumill" {flame, rC+ Will+
                  | Str+4}
 10236 | D:7      | Reached skill level 10 in Fighting
 10265 | D:7      | Got the Catalogue of the Blaze
 10427 | D:7      | Found a glowing golden altar of the Shining One.
 10449 | D:7      | Noticed Maggie
 10471 | D:7      | Killed Maggie
 10760 | D:7      | Reached skill level 11 in Fighting
 11405 | D:7      | Found a hazy altar of Hepliaklqana.
 11614 | D:8      | Noticed Harold
 11681 | D:8      | Noticed Pikel
 11697 | D:8      | Killed Pikel
 11698 | D:8      | Reached XP level 10. HP: 84/113 MP: 3/10
 11863 | D:8      | Found an ancient bone altar of Kikubaaqudgha.
 12347 | D:8      | Found a staircase to the Lair.
 12635 | D:8      | Noticed Psyche
 12641 | D:8      | Killed Psyche
 12642 | D:8      | Reached skill level 5 in Dodging
 13920 | D:9      | Found a bloodstained altar of Trog.
 14245 | D:10     | Entered Level 10 of the Dungeon
 14424 | D:10     | Noticed a brown ugly thing
 14443 | D:10     | Killed a brown ugly thing
 14629 | D:10     | Reached XP level 11. HP: 116/123 MP: 3/11
 14645 | D:10     | Reached skill level 12 in Fighting
 15687 | D:10     | Noticed a two-headed ogre
 15763 | D:10     | Killed a two-headed ogre
 15827 | D:10     | Noticed a two-headed ogre
 15839 | D:10     | Killed a two-headed ogre
 15840 | D:10     | Reached skill level 13 in Fighting
 16059 | D:10     | Found a glowing silver altar of Zin.
 16091 | D:10     | Found a sacrificial altar of Ru.
 16331 | D:10     | Found an iron altar of Okawaru.
 16339 | D:10     | Became a worshipper of Warmaster Okawaru
 16419 | D:10     | Found a white marble altar of Elyvilon.
 16637 | D:11     | Found a staircase to the Orcish Mines.
 16847 | D:11     | Found a runed translucent door.
 16847 | D:11     | Noticed a cyclops
 16851 | D:11     | Found a runed translucent door.
 16851 | D:11     | Noticed a cyclops
 16852 | D:11     | Found a runed translucent door.
 16852 | D:11     | Noticed a seven-headed hydra
 16852 | D:11     | Noticed a red ugly thing
 16861 | D:11     | Reached * piety under Okawaru
 16865 | D:11     | Noticed a manticore
 16898 | D:11     | Noticed a cyclops
 16925 | D:11     | Killed a cyclops
 16966 | D:11     | Reached ** piety under Okawaru
 17040 | D:11     | Reached skill level 14 in Fighting
 17439 | D:11     | Noticed a lindwurm
 17444 | D:11     | Noticed a two-headed ogre
 17444 | D:11     | a lindwurm changed into a two-headed ogre
 17466 | D:11     | a two-headed ogre changed into a redback
 17472 | D:11     | Noticed a two-headed ogre
 17496 | D:11     | Noticed a cyan ugly thing
 17496 | D:11     | Noticed a white ugly thing
 17500 | D:11     | Noticed a centaur warrior
 17943 | D:11     | Noticed a two-headed ogre
 17952 | D:11     | Killed a two-headed ogre
 17952 | D:11     | Reached *** piety under Okawaru
 17953 | D:11     | Reached XP level 12. HP: 102/140 MP: 4/12
 18100 | D:11     | Noticed an ogre mage
 18103 | D:11     | Killed a centaur warrior
 18104 | D:11     | Reached skill level 1 in Invocations
 18108 | D:11     | Identified the +7 long sword "Jioxab" {elec, rC++ Will-
                  | Str+4 SInv}
 18112 | D:11     | Noticed a two-headed ogre
 18115 | D:11     | Noticed a six-headed hydra
 18116 | D:11     | Killed an ogre mage
 18117 | D:11     | Reached skill level 15 in Fighting
 18552 | Lair:1   | Entered Level 1 of the Lair of Beasts
 18858 | Lair:1   | Noticed Nergalle
 18891 | Lair:1   | Killed Nergalle
 19069 | Lair:1   | Found a frozen archway.
 19094 | Lair:1   | Reached **** piety under Okawaru
 19121 | IceCv    | Entered an ice cave
 19612 | IceCv    | Reached skill level 5 in Axes
 19938 | IceCv    | HP: 10/214 [freezing wraith (3)]
 19938 | IceCv    | Slain by a freezing wraith

Illustrated notes

Levels and vault maps discovered:
D:1:      lightli_arrival_statue_moat, layout_loops_ring
D:2:      layout_loops_ring, ebering_ecumenical_altar_rust, serial_shops,
          nicolae_shop_behind_doors, minmay_lizard_pond
D:3:      layout_loops_corners, mainiacjoe_overflow_brackets, moated_statue
D:4:      layout_loops_ring, grunt_dithmenos_smoke_and_mirrors,
          mainiacjoe_overflow_catwalk, fedhas_altar_4, uniq_robin,
          uniq_crazy_yiuf_cottage
D:5:      layout_loops_ring
D:6:      layout_basic, minmay_temple_entry_waves, minmay_misc_feat_nine_boxes
D:7:      layout_loops_ring, nzn_hepliaklqana_mist_gate,
          nicolae_tso_besieged_by_evil, kennysheep_small_square, uniq_maggie
D:8:      layout_loops_ring, mainiacjoe_overflow_24_doors, lair_entry_dummy,
          uniq_harold, uniq_pikel, uniq_psyche
D:9:      layout_roguey, lemuel_doored_altar
D:10:     layout_layer_cave, mainiacjoe_overflow_surrounded_room,
          lemuel_tele_altar, mainiacjoe_overflow_two_lobes
D:11:     minmay_the_grid_triangle_9x9_recursive_3_mashed
          [minmay_the_grid_triangle_9x9_impossible_snake,
          minmay_the_grid_triangle_9x9_subtriangle,
          minmay_the_grid_triangle_9x9_pentomino_pain,
          minmay_the_grid_triangle_9x9_prize_schism,
          minmay_the_grid_triangle_9x9_stretched_checkered,
          minmay_the_grid_triangle_9x9_cache,
          minmay_the_grid_triangle_9x9_fully_insulated_deathbox,
          minmay_the_grid_triangle_9x9_sprig,
          minmay_the_grid_triangle_9x9_corruption], layout_loops_cross
Temple:   cyrus_temple_forest
Lair:1:   layout_chaotic_city, portal_ice_cave_demonic_guard,
          minmay_lair_oklob_items, beast_lair_carwin_2, uniq_urug, uniq_nergalle
IceCv:    ice_cave_small_necro

Skill      XL: |  1  2  3  4  5  6  7  8  9 10 11 12 |
---------------+-------------------------------------+-----
Fighting       | 5 6 7 9 11 14 15 | 15.5
Axes           | 3 4 5 |  5.2
Shields        | 3 5 8 9 |  9.3
Short Blades   | 1 3 4 5 6 7 |  7.5
Dodging        | 3 7 8 |  8.7
Invocations    | 2 |  2.6

Action                   |  1- 3 |  4- 6 |  7- 9 | 10-12 || total
-------------------------+-------+-------+-------+-------++-------
Melee: War axe           |   138 |   126 |       |    40 ||   304
       Rapier            |       |    32 |   297 |   568 ||   897
       Punch             |       |       |     1 |       ||     1
Invok: Heroism           |       |       |       |     5 ||     5
  Use: Potion            |     1 |     1 |       |     9 ||    11
       Scroll            |       |     3 |     4 |     7 ||    14
 Stab: Sleeping          |       |       |       |     2 ||     2
       Distracted        |       |       |       |     1 ||     1
Armor: Robe              |    52 |    28 |    41 |       ||   121
       Steam dragon scal |       |       |    23 |   140 ||   163
       Skin              |       |       |       |    54 ||    54
Dodge: Dodged            |    66 |    42 |    83 |   235 ||   426
Block: Kite shield       |    62 |    64 |   124 |   443 ||   693
